 Dungeon Sprint DCSS version 0.29-a0-284-gf9362112df (webtiles) character file.

Game seed: 17710004067954282794

8 sammy202020 the Chopper (level 2, 0/28 HPs)
             Began as a Minotaur Berserker on Mar 21, 2022.
             Was a Believer of Trog.
             Slain by an adder (3 damage)
             ... in the Dungeon (Sprint IX: "|||||||||||||||||||||||||||||").
             The game lasted 00:00:26 (32 turns).

sammy202020 the Chopper (Minotaur Berserker)          Turns: 32, Time: 00:00:27

Health: 0/28       AC:  2    Str: 21    XL:     2   Next: 0%
Magic:  1/1        EV: 12    Int:  4    God:    Trog [**....]
Gold:   0          SH:  0    Dex:  9    Spells: 1/1 levels left

rFire   . . .      SeeInvis .   a - +0 hand axe
rCold   . . .      Faith    .   (no shield)
rNeg    . . .      Spirit   .   b - +0 animal skin
rPois   .          Reflect  .   (helmet restricted)
rElec   .          Harm     .   (no cloak)
rCorr   .          Rampage  .   (no gloves)
Will    ++...      NoTele   +   (no boots)
Stlth   +.........              (no amulet)
HPRegen 1.09/turn               (no ring)
MPRegen 0.07/turn               (no ring)

@: lethally poisoned (0 -> -1), strong-willed (expiring), on berserk cooldown,
regenerating (expiring), slowed, very slow
A: horns 2, retaliatory headbutt
a: Renounce Religion, Berserk, Trog's Hand


You were in the Dungeon.
You worshipped Trog.
Trog was pleased with you.
You visited 1 branch

Inventory:

Hand Weapons
 a - a +0 hand axe (weapon)
Armour
 b - a +0 animal skin (worn)
Scrolls
 h - a scroll of blinking
Potions
 c - a potion of curing
 d - a potion of heal wounds
 e - a potion of haste
 f - 2 potions of magic
 g - a potion of berserk rage


   Skills:
 * Level 4.4 Fighting
 * Level 4.4 Axes
 * Level 3.5 Armour
 + Level 2.7 Dodging


You had one spell level left.
You didn't know any spells.
Your spell library was empty.

Dungeon Overview and Level Annotations

Branches:
Dungeon (1/1)

Altars:


Innate Abilities, Weirdness & Mutations

You have a pair of horns on your head.
You reflexively headbutt those who attack you in melee.


Message History

The adder hisses angrily.
The orc shouts! x2
The adder bites you.
You miss the adder. You headbutt the adder.
The adder is heavily wounded.
The adder bites you. x2; The adder closely misses you.
You miss the adder.
The adder is heavily wounded.
The adder misses you. x2
Your skin crawls.
You feel strong-willed. The adder bites you.
You are poisoned.
The adder poisons you! The adder bites you but does no damage.
You closely miss the adder. Your headbutt misses the adder.
The adder is moderately wounded.
You feel very sick. The adder closely misses you. The adder bites you.
You are more poisoned.
The adder poisons you!
You barely miss the adder.
The adder is moderately wounded.
You feel very sick. The adder bites you but does no damage.
The adder closely misses you. You furiously retaliate!
You headbutt the adder. You barely miss the adder.
The adder is heavily wounded.
You feel sick. The adder bites you.
* * * LOW HITPOINT WARNING * * *
The adder barely misses you.
You hit the adder. Your headbutt misses the adder.
The adder is severely wounded.
You feel sick. The adder bites you but does no damage. The adder bites you.
* * * LOW HITPOINT WARNING * * *
You closely miss the adder. Your headbutt misses the adder.
The adder is severely wounded.
You feel the effects of Trog's Hand fading.
You feel sick. The adder bites you.
* * * LOW HITPOINT WARNING * * *
The adder bites you.
You die... ▓▓▓▓▓▓▓▓▓▓▓▓▓▓▓▓▓▓ ▓<...††)..@SoJon.+ ▓▓▓▓▓▓▓▓▓▓▓▓▓▓▓▓▓▓

You could see a necrophage, a jelly, an adder and 2 orcs.

Vanquished Creatures
  A dart slug (D)
  A giant cockroach (D)
  A goblin (D)
  2 hobgoblins (D)
5 creatures vanquished.

Notes
Turn   | Place    | Note
-------+----------+-------------------------------------------
     0 | D        | sammy202020 the Minotaur Berserker began the quest for the
                  | Orb.
     0 | D        | Reached XP level 1. HP: 19/19 MP: 0/0
    13 | D        | Reached ** piety under Trog
    20 | D        | Reached XP level 2. HP: 27/28 MP: 1/1
    24 | D        | Noticed a necrophage
    32 | D        | Slain by an adder

Illustrated notes

Levels and vault maps discovered:
D:        linesprint [early_d, line_temple, items_1, d_10, items_2, lair_1,
          lair_end, items_3, orc_1, orc_end, items_4, d_15, swamp_1, shoals_1,
          snake_1, spider_1, d_20, vaults_1, items_5, swamp_end, shoals_end,
          snake_end, spider_end, vaults_end, d_27, items_6, zot_1, zot_end,
          crypt_end, forest_end, elf_end, slime_end, tomb_end, abyss_end,
          pan_hell_end]

Skill      XL: |  1 |
---------------+----+-----
Fighting       | 4 |  4.4
Axes           | 4 |  4.4
Armour         | 3 |  3.5
Dodging        | |  2.7

Action                   || total
-------------------------++-------
Melee: Hand axe          ||    20
       Punch             ||     1
       Headbutt          ||     1
Invok: Berserk           ||     1
       Trog's Hand       ||     1
Armor: Animal skin       ||     4
Dodge: Dodged            ||     8

Table legend: (Time is in decaauts)
 A = Elapsed time spent in this place.
 B = Non-inter-level travel time spent in this place.
 C = Inter-level travel time spent in this place.
 D = Time resting spent in this place.
 E = Time spent auto-exploring this place.
 F = Levels seen in this place.
 G = Mean time per level.
                   A        B        C        D        E       F      G
               +--------+--------+--------+--------+--------+-----+--------+
         Total |     32 |     32 |      0 |      0 |      0 |   1 |   32.0 |
       Dungeon |     32 |     32 |      0 |      0 |      0 |   1 |   32.0 |
               +--------+--------+--------+--------+--------+-----+--------+

Top non-repeatable levels by time:
       D: 32 daAuts
